 Dungeon Crawl Stone Soup version 0.21-a0-525-ga34b322 (webtiles) character file.

1677 Amnesiac the Shooter (level 8, 0/62 HPs)
             Began as a Mummy Hunter on Dec 7, 2017.
             Was a Follower of Okawaru.
             Slain by an orc warrior
             ... wielding a +0 mace
              (14 damage)
             ... on level 7 of the Dungeon.
             The game lasted 00:07:30 (5952 turns).

Amnesiac the Shooter (Mummy Hunter)                 Turns: 5952, Time: 00:07:31

Health: 0/62       AC: 13    Str: 17    XL:     8   Next: 70%
Magic:  6/8        EV: 11    Int: 11    God:    Okawaru [*.....]
Gold:   279        SH:  0    Dex: 12    Spells: 7/7 levels left

rFire    x . .     SeeInvis .   a - +1 shortbow
rCold    + . .     Gourm    .   (shield currently unavailable)
rNeg     + + +     Faith    .   n - +0 chain mail {rPois}
rPois    ∞         Spirit   .   (no helmet)
rElec    .         Reflect  .   (no cloak)
rCorr    .         Harm     .   (no gloves)
MR       +....                  (no boots)
Stlth    ..........             (no amulet)
HPRegen  0.20/turn              i - +2 ring of protection
MPRegen  0.11/turn              c - +2 ring of slaying

@: heroism
A: no food or potions, fire vulnerability, cold resistance 1, negative energy
resistance 3, torment resistance, unbreathing
a: Heroism, Renounce Religion


You were on level 7 of the Dungeon.
You worshipped Okawaru.
Okawaru was aware of your devotion.
You were not hungry.

You visited 2 branches of the dungeon, and saw 8 of its levels.

You collected 279 gold pieces.

Inventory:

Hand Weapons
 a - a +1 shortbow (weapon)
 b - a +2 vampiric spear
Missiles
 d - 58 arrows (quivered)
 f - 306 stones
 h - 43 poisoned needles
 k - 24 sling bullets
Armour
 n - a +0 chain mail of poison resistance (worn)
 r - a +0 pair of gloves
Jewellery
 c - a +2 ring of slaying (right hand)
 i - a +2 ring of protection (left hand)
Wands
 m - a wand of iceblast (9)
Scrolls
 e - 2 scrolls of enchant weapon {!r}
 g - 4 scrolls of remove curse {!r}
 j - 6 scrolls of identify {!r}
 l - 3 scrolls of teleportation {!r}
 o - a scroll of blinking {!r, unknown}
 p - a scroll of amnesia {!r, unknown}
 q - 2 scrolls of enchant armour {!r, unknown}
 s - a scroll of fear {!r, unknown}
 t - a scroll of noise {!r, unknown}


   Skills:
 + Level 5.1(10.1) Fighting
 * Level 6.6(11.6) Bows
 + Level 4.2(9.2) Armour
 + Level 4.3(9.3) Dodging
 - Level 0.7(5.7) Stealth


You had 7 spell levels left.
You didn't know any spells.

Dungeon Overview and Level Annotations

Branches:
Dungeon (7/15)             Temple (1/1) D:4

Altars:
Ashenzari
Elyvilon
Fedhas
Gozag
Okawaru
Qazlal
Ru
Trog
Uskayaw
Zin


Innate Abilities, Weirdness & Mutations

You do not eat or drink.
Your flesh is vulnerable to fire.
You are immune to poison.
Your flesh is cold resistant. (rC+)
You are immune to negative energy. (rN+++)
You are immune to unholy pain and torment.
You can survive without breathing.


Message History

Press: ? - help, Shift-Dir - straight line, f/p - orc warrior
Aim: an orc warrior, wielding a mace and wearing a plate armour (moderately wounded)
You shoot an arrow.
The arrow hits the orc warrior but does no damage.
The orc warrior is moderately wounded.
The orc warrior barely misses you.
Firing (i - inventory. (,) - cycle):
d - 66 arrows (quivered)
Press: ? - help, Shift-Dir - straight line, f/p - orc warrior
Aim: an orc warrior, wielding a mace and wearing a plate armour (moderately wounded)
You shoot an arrow.
The arrow closely misses the orc warrior.
The orc warrior hits you with a mace.
* * * LOW HITPOINT WARNING * * *
An orc priest comes into view.
It is wielding a faintly glowing spear {chaos}.
Firing (i - inventory. (,) - cycle):
d - 65 arrows (quivered)
Press: ? - help, Shift-Dir - straight line, f/p - orc warrior
Aim: an orc warrior, wielding a mace and wearing a plate armour (moderately wounded)
You shoot an arrow.
The arrow hits the orc warrior but does no damage.
The orc warrior is moderately wounded.
Firing (i - inventory. (,) - cycle):
d - 64 arrows (quivered)
Press: ? - help, Shift-Dir - straight line, f - orc priest, p - orc warrior
Aim: an orc priest, wielding a faintly glowing spear {chaos} and wearing a leather armour You shoot an arrow.
The arrow barely misses the orc warrior.
The arrow hits the orc priest!
The orc priest is almost dead.
The orc priest calls upon Beogh to heal the orc warrior.
The orc warrior is healed somewhat.
The orc warrior hits you with a mace.
* * * LOW HITPOINT WARNING * * *
Firing (i - inventory. (,) - cycle):
d - 63 arrows (quivered)
Press: ? - help, Shift-Dir - straight line, f/p - orc priest
Aim: an orc priest, wielding a faintly glowing spear {chaos} and wearing a leather armour (almost dead)
You shoot an arrow.
The arrow closely misses the orc warrior.
The arrow hits the orc priest.
You kill the orc priest!
Okawaru accepts your kill.
Firing (i - inventory. (,) - cycle):
d - 62 arrows (quivered)
Press: ? - help, Shift-Dir - straight line, f - orc warrior
Aim: an orc warrior, wielding a mace and wearing a plate armour (moderately wounded)
You shoot an arrow.
The arrow barely misses the orc warrior.
The orc warrior hits you with a mace.
* * * LOW HITPOINT WARNING * * *
Firing (i - inventory. (,) - cycle):
d - 61 arrows (quivered)
Press: ? - help, Shift-Dir - straight line, f/p - orc warrior
Aim: an orc warrior, wielding a mace and wearing a plate armour (moderately wounded)
You shoot an arrow. The arrow hits the orc warrior!
The orc warrior is severely wounded.
The orc warrior hits you with a mace.
* * * LOW HITPOINT WARNING * * *
Firing (i - inventory. (,) - cycle):
d - 60 arrows (quivered)
Press: ? - help, Shift-Dir - straight line, f/p - orc warrior
Aim: an orc warrior, wielding a mace and wearing a plate armour (severely wounded)
You shoot an arrow. The arrow hits the orc warrior.
The orc warrior is severely wounded.
Firing (i - inventory. (,) - cycle):
d - 59 arrows (quivered)
Press: ? - help, Shift-Dir - straight line, f/p - orc warrior
Aim: an orc warrior, wielding a mace and wearing a plate armour (severely wounded)
You shoot an arrow.
The arrow closely misses the orc warrior.
The orc warrior hits you with a mace!
You die...

..# ..# .## ..#.
## .... . ...# .##
..## #.# ##### #.#
#.###.#%# .#
##.#().o@# #.
##(..)##### #.##
##........#
#..###....####...#
##..)......# ...
##.####...##.# .
#.## #....# #..
..# #.....# #..
#..#...##..# ..


You could see an orc warrior.

Vanquished Creatures
  Sigmund (D:3)
  A spriggan (D:7)
  An ice beast (D:5)
  An ogre (D:5)
  3 phantoms
  3 scorpions
  A crimson imp (D:5)
  A bullfrog zombie (D:5)
  3 hounds
  4 orc wizards
  A gnoll shaman (D:4)
  A centaur skeleton (D:4)
  3 orc priests
  A bullfrog skeleton (D:5)
  An iguana (D:5)
  2 worker ants
  7 gnolls
  A howler monkey skeleton (D:7)
  7 adders
  An adder zombie (D:5)
  4 worms (D:2)
  3 dart slugs
  3 leopard geckos
  19 orcs
  9 bats
  5 giant cockroaches
  5 goblins
  7 hobgoblins
  3 quokkas
  A ball python (D:3)
  5 frilled lizards
  9 kobolds
  A leopard gecko zombie (D:5)
  A quokka zombie (D:5)
  6 rats
125 creatures vanquished.

Notes
Turn   | Place    | Note
-------+----------+-------------------------------------------
     0 | D:1      | Amnesiac the Mummy Hunter began the quest for the Orb.
     0 | D:1      | Reached XP level 1. HP: 16/16 MP: 1/1
    35 | D:1      | Reached skill level 1 in Armour
   150 | D:1      | Reached XP level 2. HP: 17/22 MP: 2/2
  1314 | D:2      | Reached XP level 3. HP: 26/27 MP: 3/3
  1941 | D:2      | Reached XP level 4. HP: 32/34 MP: 4/4
  2757 | D:3      | Reached skill level 4 in Bows
  2795 | D:3      | Reached XP level 5. HP: 35/39 MP: 5/5
  2836 | D:3      | Noticed Sigmund
  2843 | D:3      | Killed Sigmund
  2843 | D:3      | Reached XP level 6. HP: 39/47 MP: 6/6
  3123 | D:3      | Found a blossoming altar of Fedhas.
  3801 | D:4      | Reached skill level 5 in Bows
  3801 | D:4      | Reached XP level 7. HP: 36/52 MP: 7/7
  4169 | D:4      | Found a staircase to the Ecumenical Temple.
  4201 | Temple   | Entered the Ecumenical Temple
  4209 | Temple   | Became a worshipper of Warmaster Okawaru
  4497 | D:5      | Entered Level 5 of the Dungeon
  4984 | D:5      | Reached * piety under Okawaru
  4984 | D:5      | Reached XP level 8. HP: 53/61 MP: 8/8
  5150 | D:5      | Reached skill level 6 in Bows
  5848 | D:7      | Reached skill level 5 in Fighting
  5952 | D:7      | Slain by an orc warrior

Vault maps used:
D:1:      dpeg_arrival_tiny_a
D:2:      first_bread, hangedman_decor_push
D:3:      fedhas_altar_3, uniq_sigmund
D:4:      minmay_temple_entry_butterflies
D:5:      st_stairs_10
D:7:      the_bakery, lightli_corner_chamber
Temple:   compressed_dpeg_triangle_lava_temple

Skill      XL: |  1  2  3  4  5  6  7  8 |
---------------+-------------------------+-----
Armour         | 1 2 3 4 |  4.2
Dodging        | 2 3 4 |  4.3
Bows           | 4 5 6 |  6.6
Fighting       | 3 4 5 |  5.1
Stealth        | |  0.7

Action                   |  1- 3 |  4- 6 |  7- 9 || total
-------------------------+-------+-------+-------++-------
Melee: Short sword       |    98 |       |       ||    98
       Spear             |    54 |   254 |   319 ||   627
 Fire: Shortbow          |    10 |     6 |    20 ||    36
Invok: Heroism           |       |       |     1 ||     1
  Use: Scroll            |       |     4 |       ||     4
 Stab: Sleeping          |       |     3 |       ||     3
       Distracted        |       |       |     1 ||     1
Armor: Leather armour    |    46 |    43 |       ||    89
       Chain mail        |       |    47 |   155 ||   202
Dodge: Dodged            |   101 |   120 |    98 ||   319

Table legend:
 A = Spawn XP
 B = Non-spawn XP
 C = Spawn XP percentage of total XP
 D = Spawn monster count
 E = Non-spawn monster count
 F = Spawn count percentage of total count
 G = Total turns spent on level
                    A         B        C        D         E        F      G
               +---------+---------+-------+---------+---------+-------+---------
         Total |       0 |    2396 |   0.0 |       0 |     125 |   0.0 |  5952
               +---------+---------+-------+---------+---------+-------+---------
           D:1 |       0 |      36 |   0.0 |       0 |      20 |   0.0 |  1688
           D:2 |       0 |     140 |   0.0 |       0 |      26 |   0.0 |  1024
           D:3 |       0 |     490 |   0.0 |       0 |      27 |   0.0 |  1043
           D:4 |       0 |     367 |   0.0 |       0 |      13 |   0.0 |   815
           D:5 |       0 |     771 |   0.0 |       0 |      20 |   0.0 |   848
           D:6 |       0 |     320 |   0.0 |       0 |      12 |   0.0 |   271
           D:7 |       0 |     272 |   0.0 |       0 |       7 |   0.0 |   245
               +---------+---------+-------+---------+---------+-------+---------
